 Dungeon Crawl Stone Soup version 0.17.1-3-g152610e (webtiles) character file.

219 Jerry the Skirmisher (level 5, -1/49 HPs)
             Began as a Naga Warper on Mar 3, 2016.
             Slain by an adder (3 damage)
             ... on level 2 of the Dungeon.
             The game lasted 00:33:28 (4603 turns).

Jerry the Skirmisher (Naga Warper)                  Turns: 4603, Time: 00:33:28

Health: -1/49      AC:  3    Str: 14    XL:     5   Next: 96%
Magic:  0/8        EV: 10    Int: 13    God:
Gold:   97         SH:  0    Dex: 11    Spells: 2 memorised, 5 levels left

rFire  . . .     SeeInvis +     i - +0 whip
rCold  + . .     Clarity  .     e - +0 animal skin
rNeg   . . .     SustAt   .     (no shield)
rPois  +         Gourm    .     p - +0 helmet
rElec  .         Spirit   .     (no cloak)
rCorr  .         Warding  .     (no gloves)
rMut   .         Stasis   .     (no barding)
MR     .....                    (no amulet)
Stlth  +.........               (no ring)
                                t - ring of protection from cold

@: lethally poisoned (-1 -> -2), shrouded (expiring), very slightly
contaminated, very slow, not resistant to hostile enchantments, very unstealthy
A: see invisible, deformed body, poison resistance, slowness 2, slow metabolism
1, spit poison 2, AC +1
a: Spit Poison


You were on level 2 of the Dungeon.
You were very hungry.

You visited 1 branch of the dungeon, and saw 3 of its levels.

You collected 97 gold pieces.

Inventory:

Hand Weapons
 a - a +0 mace
 i - a +0 whip (weapon)
 n - a +2 short sword of protection
Missiles
 r - 8 tomahawks (quivered)
Armour
 b - a +0 leather armour
 e - a +0 animal skin (worn)
 p - a +0 helmet (worn)
Jewellery
 t - a ring of protection from cold (left hand)
Scrolls
 d - a scroll of blinking
 q - 4 scrolls of remove curse
 s - a scroll of identify
 u - 3 scrolls of fear
Potions
 g - 2 potions of curing {unknown}
 h - a potion of magic {unknown}
 k - a potion of beneficial mutation {unknown}
 l - a potion of brilliance {unknown}
 o - a potion of flight {unknown}
Books
 c - a book of Spatial Translocations

   Spells                             Type                      Level
   a - Apportation                    Translocation                1
   b - Blink                          Translocation                2
   c - Shroud of Golubria             Charms/Translocation         2
   d - Portal Projectile              Translocation                3
   e - Teleport Other                 Translocation                3
   f - Passage of Golubria            Translocation                4
Comestibles
 v - a meat ration


   Skills:
 + Level 3.4 Fighting
 + Level 3.1 Maces & Flails
 - Level 0.8 Throwing
 - Level 1.0 Armour
 + Level 2.9 Dodging
 - Level 2.0 Spellcasting
 + Level 2.4 Charms
 - Level 3.0 Translocations


You had 5 spell levels left.
You knew the following spells:

 Your Spells              Type           Power        Failure   Level  Hunger
a - Apportation           Tloc           #.........   10%         1    ##.....
b - Shroud of Golubria    Chrm/Tloc      #.........   14%         2    ###....


Dungeon Overview and Level Annotations

Branches:
Dungeon (3/15)

Altars:

Annotations:
D:3 MixedWithMadness's ghost, amateur DgFi


Innate Abilities, Weirdness & Mutations

You cannot wear boots.
Your serpentine skin is tough (AC +1).
You have supernaturally acute eyesight.
Armour fits poorly on your strangely shaped body.
Your system is resistant to poisons.
You cover ground very slowly.
You have a slow metabolism.
You can spit poison.


Message History

The adder is heavily wounded.
* * * LOW HITPOINT WARNING * * *
You feel sick. The adder closely misses you.
You miss the adder.
The adder is heavily wounded.
The adder bites you but does no damage.
You closely miss the adder.
The adder is heavily wounded.
You have got your breath back.
Your shroud begins to fray at the edges.
Your shroud bends the adder's attack away.
You closely miss the adder.
The adder is heavily wounded.
Your shroud bends the adder's attack away.
The adder barely misses you.
You closely miss the adder.
The adder is heavily wounded.
* * * LOW HITPOINT WARNING * * *
You feel sick. The adder bites you.
You die...

##.#.# #.#...################
...#.######.#...##.............##
.............)...................
[..########.#....#.#.....####..##
......<)....#....#.#.....# #..#
...###.######....#.#.....# #..#
##.............#.#.####### #..#
#.###.#######.#.#.# #..# #.# #.#
#.#@#.# #..# #.# #.# #.#S#.#
#..## #.# #.# #.#>#.###### #....
##)###.#######.#.#.##<..# #.###
#..................##...# ##.###
..>.....................# #.....
#.....#########.........# #.....
......# #.....#...####.....
#...### #..(.............).


You could see an adder.

Vanquished Creatures
  Ijyb (D:2)
  An orc wizard (D:2)
  Robin (D:2)
  3 gnolls (D:2)
  3 adders (D:2)
  5 worms (D:2)
  2 giant geckos
  4 orcs
  3 giant cockroaches
  15 goblins
  8 hobgoblins
  4 jackals (D:2)
  8 kobolds
  A quokka (D:2)
  8 bats
  A giant newt (D:1)
  11 rats
79 creatures vanquished.

Vanquished Creatures (others)
  A plant (D:2)
1 creature vanquished.

Grand Total: 80 creatures vanquished

Notes
Turn   | Place    | Note
--------------------------------------------------------------
     0 | D:1      | Jerry the Naga Warper began the quest for the Orb.
     0 | D:1      | Reached XP level 1. HP: 19/19 MP: 3/3
   172 | D:1      | Reached skill level 1 in Armour
   432 | D:1      | Reached XP level 2. HP: 24/27 MP: 5/5
   436 | D:1      | Learned a level 2 spell: Shroud of Golubria
  1391 | D:2      | Reached XP level 3. HP: 33/33 MP: 6/6
  1392 | D:2      | Noticed Robin
  1752 | D:3      | Noticed MixedWithMadness's ghost (amateur DgFi)
  1780 | D:2      | Killed Robin
  2111 | D:2      | Reached skill level 1 in Charms
  2157 | D:2      | Noticed Ijyb
  2349 | D:2      | Reached XP level 4. HP: 37/40 MP: 4/7
  2378 | D:2      | Killed Ijyb
  3031 | D:2      | Reached XP level 5. HP: 37/49 MP: 5/8
  4599 | D:2      | HP: 2/49 [poisoned by an adder]
  4603 | D:2      | Slain by an adder

Action                   |  1- 3 |  4- 6 || total
-------------------------+-------+-------++-------
Melee: Whip              |   122 |   291 ||   413
       Mace              |     1 |       ||     1
Throw: Tomahawk          |     5 |       ||     5
 Cast: Shroud of Golubri |    13 |    28 ||    41
 Abil: Spit Poison       |    18 |    39 ||    57
  Use: Scroll            |       |     4 ||     4
  Eat: Chunk             |     5 |     6 ||    11
       Bread ration      |       |     1 ||     1
